 Dungeon Crawl Stone Soup version 0.26.1-16-g4e020e15dc (webtiles) character file.

Game seed: 2723259159415675093

10592 Froggeryz the Martial Artist (level 11, 0/99 HPs)
             Began as a Purple Draconian Transmuter on Feb 26, 2024.
             Slain by a cyan ugly thing (15 damage)
             ... on level 11 of the Dungeon.
             The game lasted 00:14:40 (13909 turns).

Froggeryz the Martial Artist (DrTm)                Turns: 13909, Time: 00:14:41

Health: 0/99       AC:  5    Str: 19    XL:     11   Next: 38%
Magic:  23/23      EV: 14    Int: 14    God:
Gold:   676        SH:  0    Dex: 14    Spells: 25/26 levels left

rFire    . . .     SeeInvis .     - Unarmed
rCold    . . .     Faith    +   (no shield)
rNeg     . . .     Spirit   .   (armour unavailable)
rPois    +         Reflect  .   (helmet currently unavailable)
rElec    .         Harm     .   H - +0 cloak
rCorr    .         Rampage  .   x - +0 pair of gloves
Will     +....                  (boots currently unavailable)
Stlth    +.........             i - amulet of faith
HPRegen  0.26/turn              d - ring of poison resistance
MPRegen  0.18/turn              h - +6 ring of strength

@: about to teleport, appendages (expiring), corroded
A: breathe power, unfitting armour, horns 2, talons 2, cold-blooded, AC +7
a: Breathe Dispelling Energy, End Transformation


You were on level 11 of the Dungeon.
You had grown temporary horns.
You had grown temporary talons.
You visited 1 branch of the dungeon, and saw 11 of its levels.

You collected 676 gold pieces.

Inventory:

Hand Weapons
 J - a +3 scimitar of flaming
Missiles
 s - 39 poisoned darts (quivered)
 y - 13 curare-tipped darts
Armour
 x - a +0 pair of gloves (worn)
 A - a +0 pair of boots (melded)
 D - a +0 buckler
 H - a +0 cloak (worn)
Jewellery
 d - a ring of poison resistance (left hand)
 h - a +6 ring of strength (right hand)
 i - an amulet of faith (around neck)
 u - an uncursed ring of positive energy
 v - an uncursed ring of fire
 G - an uncursed ring of flight {unknown}
Wands
 q - a wand of digging (3)
 B - a wand of iceblast (13)
 E - a wand of flame (32)
 K - a wand of enslavement (1)
 L - a wand of acid (3)
Scrolls
 c - a scroll of fear
 e - a scroll of brand weapon
 f - 4 scrolls of remove curse
 g - a scroll of fog {unknown}
 j - 2 scrolls of enchant weapon
 k - 3 scrolls of magic mapping {unknown}
 l - 3 scrolls of immolation {unknown}
 n - 3 scrolls of enchant armour
 r - a scroll of teleportation
 C - 4 scrolls of blinking
 F - a scroll of amnesia
 M - a scroll of random uselessness {unknown}
 N - a scroll of summoning
 O - a scroll of silence
Potions
 a - 4 potions of curing
 b - 2 potions of attraction {unknown}
 m - 2 potions of lignification {unknown}
 o - 2 potions of ambrosia {unknown}
 p - 2 potions of cancellation {unknown}
 t - a potion of flight {unknown}
 w - a potion of heal wounds
 z - a potion of resistance {unknown}
 I - a potion of mutation {unknown}


   Skills:
 + Level 10.0 Fighting
 + Level 4.8 Dodging
 + Level 12.2 Unarmed Combat
 - Level 8.2 Spellcasting
 + Level 5.1 Transmutations


You had 25 spell levels left.
You knew the following spells:

 Your Spells              Type           Power        Failure   Level
a - Beastly Appendage     Tmut           40%          1%          1

Your spell library contained the following spells:

 Spells                   Type           Power        Failure   Level
 Wereblood                Tmut           20%          2%          2
 Spider Form              Tmut/Pois      6%           13%         3
 Blade Hands              Tmut           10%          38%         5
 Ice Form                 Ice/Tmut       12%          41%         4


Dungeon Overview and Level Annotations

Branches:
Dungeon (11/15)            Temple (0/1) D:7
   Lair: D:8-11         Orc: D:9-12

Altars:
Elyvilon
Uskayaw
Beogh


Innate Abilities, Weirdness & Mutations

You can breathe bolts of dispelling energy.
Your rich purple scales are hard. (AC +7)
You cannot fit into any form of body armour.
You are cold-blooded and may be slowed by cold attacks.
You have a pair of horns on your head.
You have razor-sharp toenails.


Message History

Your headbutt misses the cyan ugly thing.
The cyan ugly thing is lightly wounded.
You feel much better.
The cyan ugly thing pecks you but does no damage.
The cyan ugly thing pecks you! The cyan ugly thing shocks you!
* * * LOW HITPOINT WARNING * * *
The cyan ugly thing misses you.
As you read the scroll of teleportation, it crumbles to dust.
You feel strangely unstable.
Your transformation is almost over.
The cyan ugly thing pecks you.
* * * LOW HITPOINT WARNING * * *
The cyan ugly thing shocks you!
* * * LOW HITPOINT WARNING * * *
You feel much better. The jackal bites you.
* * * LOW HITPOINT WARNING * * *
The cyan ugly thing pecks you!
* * * LOW HITPOINT WARNING * * *
The cyan ugly thing shocks you!
You die...

#:...........
#............
#............
#............
#..O.........
#............
#...#........
#.hu########.
#..@# #...#
#...########
#..........######
#...............#
#...............#
#.........(.....#
#...............#
#..............##


You could see a cyan ugly thing, an ogre and a jackal.

Vanquished Creatures
  Harold (D:10)
  A two-headed ogre (D:11)
  Erica (D:8)
  Sonja (D:10)
  2 ugly things (D:10)
  Joseph (D:7)
  Maurice (D:8)
  A kobold demonologist (D:11)
  Sigmund (D:5)
  7 yaks
  Edmund (D:4)
  2 acid dragons (D:11)
  A water moccasin (D:8)
  An orc warrior (D:10)
  6 ogres
  7 sky beasts
  2 centaurs (D:11)
  4 big kobolds
  4 bullfrogs
  A water moccasin skeleton (D:6)
  4 scorpions
  5 killer bees (D:9)
  16 wights
  3 jellies
  3 howler monkeys
  2 bullfrog zombies
  5 hounds
  A centaur skeleton (D:6)
  A quasit (D:7)
  7 orc priests
  3 iguanas
  12 orc wizards
  2 bullfrog skeletons
  Ijyb (D:3)
  10 worker ants
  A killer bee zombie (D:6)
  3 worker ant zombies
  10 adders
  A shadow imp (D:7)
  2 white imps
  2 ufetubi
  An ooze (D:6)
  3 adder skeletons
  7 dart slugs
  2 worms
  3 leopard geckos
  27 orcs
  A giant cockroach (D:1)
  4 goblins
  6 hobgoblins
  10 jackals
  22 kobolds
  6 quokkas
  5 ball pythons
  9 bats
  5 frilled lizards
  A quokka zombie (D:8)
  6 rats
258 creatures vanquished.

Notes
Turn   | Place    | Note
-------+----------+-------------------------------------------
     0 | D:1      | Froggeryz the Draconian Transmuter began the quest for the
                  | Orb.
     0 | D:1      | Reached XP level 1. HP: 16/16 MP: 3/3
   106 | D:1      | Reached XP level 2. HP: 13/23 MP: 3/5
   775 | D:1      | Reached skill level 4 in Unarmed Combat
   998 | D:2      | Reached XP level 3. HP: 2/28 MP: 6/6
  1709 | D:2      | Reached XP level 4. HP: 35/35 MP: 7/7
  1723 | D:2      | Reached skill level 5 in Unarmed Combat
  2559 | D:3      | Noticed Ijyb
  2568 | D:3      | Killed Ijyb
  2710 | D:3      | Reached XP level 5. HP: 40/40 MP: 8/8
  2763 | D:3      | Reached skill level 6 in Unarmed Combat
  3143 | D:4      | Noticed Edmund
  3168 | D:4      | Killed Edmund
  3169 | D:4      | Reached XP level 6. HP: 6/47 MP: 7/9
  3172 | D:4      | Reached skill level 7 in Unarmed Combat
  3958 | D:4      | Reached skill level 8 in Unarmed Combat
  3958 | D:4      | Your scales start taking on a rich purple colour.
  3958 | D:4      | Reached XP level 7. HP: 52/52 MP: 8/10
  4280 | D:5      | Entered Level 5 of the Dungeon
  4463 | D:5      | Noticed Sigmund
  4477 | D:5      | Killed Sigmund
  4478 | D:5      | Reached skill level 9 in Unarmed Combat
  4848 | D:5      | Reached XP level 8. HP: 54/63 MP: 10/12
  6326 | D:6      | Reached skill level 5 in Fighting
  6389 | D:6      | Reached skill level 5 in Spellcasting
  6457 | D:6      | Reached skill level 10 in Unarmed Combat
  6571 | D:6      | Reached XP level 9. HP: 75/75 MP: 14/17
  7010 | D:7      | Found a staircase to the Ecumenical Temple.
  7352 | D:7      | Found a white marble altar of Elyvilon.
  7653 | D:7      | Found a roughly hewn altar of Beogh.
  7847 | D:7      | Noticed Joseph
  7865 | D:7      | HP: 2/75 [Joseph/+0 quarterstaff (12)]
  7866 | D:7      | Killed Joseph
  9228 | D:8      | Noticed Erica
  9255 | D:8      | Killed Erica
  9256 | D:8      | Reached skill level 11 in Unarmed Combat
  9256 | D:8      | Reached XP level 10. HP: 68/88 MP: 19/21
  9850 | D:8      | Noticed Maurice
  9866 | D:8      | Killed Maurice
 11641 | D:10     | Entered Level 10 of the Dungeon
 11881 | D:10     | Found a hide-covered altar of Uskayaw.
 12050 | D:10     | Noticed Sonja
 12054 | D:10     | Killed Sonja
 12103 | D:10     | Noticed Harold
 12143 | D:10     | Killed Harold
 12599 | D:11     | Reached XP level 11. HP: 79/97 MP: 23/23
 12798 | D:11     | Noticed a two-headed ogre
 12806 | D:11     | Killed a two-headed ogre
 12807 | D:11     | Reached skill level 12 in Unarmed Combat
 12877 | D:11     | Noticed a brown ugly thing
 12879 | D:11     | Noticed a cyan ugly thing
 12913 | D:10     | Killed a brown ugly thing
 13526 | D:11     | Noticed a purple ugly thing
 13546 | D:10     | Killed a purple ugly thing
 13778 | D:11     | Reached skill level 5 in Transmutations
 13899 | D:11     | Reached skill level 10 in Fighting
 13907 | D:11     | HP: 3/99 [cyan ugly thing (16)]
 13909 | D:11     | Slain by a cyan ugly thing

Illustrated notes

Levels and vault maps discovered:
D:1:      lemuel_arrival_river_bridge, layout_loops_ring
D:2:      layout_basic, minmay_shallow_snake_nest
D:3:      layout_rooms, uniq_ijyb
D:4:      layout_basic, uniq_edmund
D:5:      layout_gridville, serial_glass, glass_columns_a, glass_columns_a,
          minmay_misc_feat_hallway, uniq_sigmund
D:6:      layout_loops_ring, water_maze_lemuel
D:7:      layout_loops_ring, elyvilon_altar_3, temple_fountains,
          david_defended_altar_orc, uniq_joseph
D:8:      layout_basic, nicolae_wwwww, uniq_erica, uniq_maurice
D:9:      layout_layer_cave
D:10:     layout_rooms, basic_altar, uniq_sonja, uniq_harold
D:11:     minmay_tri_box, layout_cave_pods, dpeg_oklobed_lair,
          dk_noncrumbling_4, st_stairs_11

Skill      XL: |  1  2  3  4  5  6  7  8  9 10 11 |
---------------+----------------------------------+-----
Unarmed Combat | 4 5 6 8 9 10 11 12 | 12.2
Fighting       | 3 5 7 9 10 | 10.0
Spellcasting   | 5 7 8 |  8.2
Dodging        | 3 4 |  4.8
Transmutations | 4 5 |  5.1

Action                   |  1- 3 |  4- 6 |  7- 9 | 10-12 || total
-------------------------+-------+-------+-------+-------++-------
Melee: Unarmed           |   126 |   136 |   317 |   328 ||   907
       Tailslap          |    11 |    12 |    47 |    57 ||   127
       Headbutt          |     3 |    12 |    30 |    31 ||    76
       Kick              |     4 |     9 |    36 |    29 ||    78
       Punch             |     1 |     2 |    16 |    17 ||    36
Throw: Dart              |       |    11 |     5 |     4 ||    20
 Cast: Beastly Appendage |     3 |     5 |    15 |    15 ||    38
 Abil: Breathe Dispellin |       |       |     3 |    10 ||    13
Evoke: Wand              |       |       |       |    10 ||    10
  Use: Scroll            |       |     1 |       |    11 ||    12
       Potion            |       |       |       |     4 ||     4
 Stab: Sleeping          |     1 |     2 |     1 |     1 ||     5
Armor: Skin              |    35 |    43 |    62 |   105 ||   245
Dodge: Dodged            |    93 |   110 |   128 |   239 ||   570
